 Dungeon Crawl Stone Soup version 0.17-a0-18-gc25b939 (webtiles) character file.

793 BluebellGnoll the Magician (level 7, -3/36 HPs)
             Began as a Deep Elf Conjurer on Mar 10, 2015.
             Was an Initiate of Sif Muna.
             Slain by a killer bee (8 damage)
             ... summoned by a shadow trap
             ... triggered by the player character
             ... on level 5 of the Dungeon.
             The game lasted 00:25:59 (5449 turns).

BluebellGnoll the Magician (Deep Elf Conjurer)      Turns: 5449, Time: 00:25:59

Health: -3/36      AC:  4    Str:  5    XL:     7   Next: 57%
Magic:  25/25      EV: 14    Int: 22    God:    Sif Muna [......]
Gold:   222        SH:  0    Dex: 15    Spells: 5 memorised, 7 levels left

rFire  + . .     SeeInvis .     y - +1 dagger (drain)
rCold  . . .     Clarity  .     a - +0 robe
rNeg   . . .     SustAb   .     (no shield)
rPois  .         Gourm    .     f - +0 helmet
rElec  .         Spirit   .     (no cloak)
rCorr  .         Warding  .     (no gloves)
rMut   .         Stasis   .     D - +0 pair of boots
MR     .....                    (no amulet)
Stlth  +++.......               q - ring of protection from fire
                                p - ring of wizardry

@: lethally poisoned (-3 -> -11), hasted, very quick, not resistant to hostile
enchantments, fairly stealthy
A: no striking features
a: Renounce Religion


You were on level 5 of the Dungeon.
You worshipped Sif Muna.
Sif Muna was noncommittal.
You were not hungry.

You visited 2 branches of the dungeon, and saw 6 of its levels.
You also visited: Sewer.

You collected 222 gold pieces.

Inventory:

Hand weapons
 l - a +0 short sword
 y - a +1 dagger of draining (weapon)
Missiles
 d - 56 stones (quivered)
Armour
 a - a +0 robe (worn)
 f - a +0 helmet (worn)
 B - a +0 shield of protection
 D - a +0 pair of boots (worn)
Jewellery
 p - a ring of wizardry (left hand)
 q - a ring of protection from fire (right hand)
Scrolls
 e - a scroll of remove curse
 j - 3 scrolls of identify
 k - 2 scrolls of enchant weapon
 m - 2 scrolls of fog
 n - a scroll of magic mapping {unknown}
 o - 3 scrolls of blinking {unknown}
 s - 3 scrolls of teleportation {unknown}
Potions
 g - a potion of haste
 h - a potion of heal wounds {unknown}
 r - a potion of restore abilities {unknown}
 t - 3 potions of magic {unknown}
 u - 3 potions of might
 v - a potion of brilliance {unknown}
 w - 2 potions of resistance {unknown}
 x - a potion of berserk rage {unknown}
 A - a potion of curing {unknown}
 C - a potion of cancellation {unknown}
Books
 c - a book of Conjurations

   Spells                             Type                      Level
   a - Magic Dart                     Conjuration                  1
   b - Searing Ray                    Conjuration                  2
   c - Dazzling Spray                 Conjuration/Hexes            3
   d - Fulminant Prism                Conjuration/Hexes            4
   e - Iskenderun's Mystic Blast      Conjuration                  4
   f - Iskenderun's Battlesphere      Conjuration/Charms           5
Comestibles
 b - 2 bread rations
 i - 3 meat rations
 z - 2 chunks of flesh


   Skills:
 - Level 4.6 Dodging
 - Level 4.3 Stealth
 + Level 7.7 Spellcasting
 + Level 5.9 Conjurations
 * Level 3.7 Hexes


You had 7 spell levels left.
You knew the following spells:

 Your Spells              Type           Power        Failure   Level  Hunger
a - Magic Dart            Conj           ####         1%          1    None
b - Searing Ray           Conj           ####..       1%          2    None
c - Dazzling Spray        Conj/Hex       ####....     1%          3    None
d - Fulminant Prism       Conj/Hex       ####......   4%          4    ###....
i - Iskenderun's Mystic   Conj           ####....     4%          4    ###....


Dungeon Overview and Level Annotations

Branches:
Dungeon (5/15)             Temple (1/1) D:4

Altars:
Elyvilon
Fedhas
Gozag
Kikubaaqudgha
Okawaru
Qazlal
Sif Muna
Trog
Vehumet
Yredelemnul
Zin
The Shining One


Message History

The kobold's corpse disappears in a puff of smoke!
The killer bee stings you.
You are poisoned.
The killer bee poisons you! The killer bee closely misses you.
The killer bee stings you!
You are more poisoned.
The killer bee poisons you! The killer bee stings you.
* * * LOW HITPOINT WARNING * * *
You completely miss the kobold.
* * * LOW HITPOINT WARNING * * *
You feel sick. The killer bee barely misses you. The killer bee misses you.
The kobold hits you with a dagger.
* * * LOW HITPOINT WARNING * * *
The killer bee closely misses you. The killer bee misses you.
Unknown command.
Drink which item? (? for menu, Esc to quit)
It was a potion of haste.
You feel yourself speed up.
* * * LOW HITPOINT WARNING * * *
You feel sick. The killer bee stings you!
You die...

#.#####....<..#.#.#
#.##.### #.#
####.#..#.#.# #......#
#.#
#.......#.#####.##.####
###.#
#....#.##.......##.....
....#
#.#.........#.......###
#####
#.......###.#.......###
#####.####.######.....
#K##.....<..#.####
#@##.##.#...#.#
#yyy.##.#####.#
#######.......#
#########


You could see 3 killer bees and a kobold.

Vanquished Creatures
  An ice beast (D:5)
  A phantom (D:4)
  A scorpion (D:4)
  A crimson imp (D:5)
  A giant frog skeleton (D:4)
  2 hounds (D:4)
  An orc priest (D:4)
  2 orc wizards (D:5)
  2 iguanas (D:4)
  2 worker ants (D:4)
  3 gnolls (D:3)
  5 adders
  2 river rats
  A giant mite (D:1)
  5 worms
  An ooze (D:3)
  18 orcs
  4 ball pythons
  3 giant cockroaches
  9 goblins
  11 hobgoblins
  6 bats
  3 giant geckos
  13 giant newts
  19 jackals
  8 kobolds
  A quokka skeleton (D:3)
  13 rats
139 creatures vanquished.

Notes
Turn   | Place    | Note
--------------------------------------------------------------
     0 | D:1      | BluebellGnoll, the Deep Elf Conjurer, began the quest for the Orb.
     0 | D:1      | Reached XP level 1. HP: 10/10 MP: 5/5
   137 | D:1      | Reached XP level 2. HP: 15/15 MP: 0/9
   141 | D:1      | Learned a level 2 spell: Searing Ray
  1024 | D:2      | Reached XP level 3. HP: 19/19 MP: 5/13
  1097 | D:2      | Learned a level 3 spell: Dazzling Spray
  1162 | D:2      | Reached skill level 5 in Spellcasting
  1668 | D:2      | Reached XP level 4. HP: 24/24 MP: 8/17
  1747 | D:2      | Learned a level 4 spell: Iskenderun's Mystic Blast
  1885 | D:3      | Found a glowing drain.
  2074 | Sewer    | Entered a sewer
  3045 | D:3      | Reached XP level 5. HP: 28/28 MP: 14/19
  3269 | D:3      | Found a stormy altar of Qazlal.
  3269 | D:3      | Found an opulent altar of Gozag.
  3716 | D:4      | Learned a level 4 spell: Fulminant Prism
  3865 | D:4      | Reached skill level 1 in Hexes
  3872 | D:4      | Reached XP level 6. HP: 21/32 MP: 11/21
  4100 | D:4      | Found a staircase to the Ecumenical Temple.
  4129 | D:4      | Reached skill level 5 in Conjurations
  4137 | Temple   | Entered the Ecumenical Temple
  4153 | Temple   | Became a worshipper of Sif Muna the Loreminder
  4207 | D:4      | Found a glowing golden altar of the Shining One.
  4287 | D:4      | Reached skill level 6 in Spellcasting
  4862 | D:4      | Noticed a phantom
  4881 | D:4      | Killed a phantom
  4881 | D:4      | Reached skill level 7 in Spellcasting
  4881 | D:4      | Reached XP level 7. HP: 30/36 MP: 10/25
  5039 | D:5      | Entered Level 5 of the Dungeon
  5449 | D:5      | Slain by a killer bee

Action                   |  1- 3 |  4- 6 |  7- 9 || total
-------------------------+-------+-------+-------++-------
Melee: Short sword       |     2 |     9 |       ||    11
       Dagger            |       |       |     2 ||     2
 Cast: Magic Dart        |    64 |   147 |    39 ||   250
       Searing Ray       |     6 |    23 |     5 ||    34
  Use: Scroll            |       |     3 |     2 ||     5
       Potion            |       |       |     1 ||     1
 Stab: Sleeping          |     1 |     1 |       ||     2
  Eat: Chunk             |     2 |    10 |     1 ||    13
